[ AOE2 MATCH · #506570851 ]
UnrankedSpanish vs Japanese
Player's team · WIN
Rival team · LOSS
[ REPLAY ANALYSIS · EXTRACTED FROM THE RECORDED GAME ]
Feudal
10:20
Castle
20:22
Imperial
—
| APM avg | 83.8 |
| APM peak | 122 |
| eAPM avg | 24.6 |
| Villagers / military | 41 / 18 |
Focus
⚔️ 29.8% · 🌾 70.2%
Archer ×12 · Knight ×4 · Scout Cavalry ×2
Feudal
11:09
Castle
—
Imperial
—
| APM avg | 83.0 |
| APM peak | 132 |
| eAPM avg | 22.5 |
| Villagers / military | 39 / 17 |
Focus
⚔️ 56.0% · 🌾 44.0%
Skirmisher ×11 · Militia ×5 · Spearman ×1
Match map
Initial resources + every placement click. Lines = walls · curves = elevation contours. ◆ gold · ⬟ stone · ● berries · ✦ relic · ◌ wall gap
Your base· Open — unwalled flank
Sliper's base· Open — unwalled flank
Smoothed initial terrain · ◌ = detected wall gap · hover for details
Inputs per minute
— ddx - - Sliper
Build order — ddx
119 actions detected in the replay
| 0:00 | Queue | Villager (Male) |
| 0:00 | Queue | Villager (Male) |
| 0:01 | Queue | Villager (Male) |
| 0:01 | Queue | Villager (Male) |
| 0:01 | Queue | Villager (Male) |
| 0:02 | Build | House |
| 0:03 | Build | House |
| 1:39 | Queue | Villager (Male) |
| 1:50 | Build | Lumber Camp |
| 2:01 | Queue | Villager (Male) |
| 2:17 | Queue | Villager (Male) |
| 2:56 | Queue | Villager (Male) |
| 2:56 | Queue | Villager (Male) |
| 3:04 | Queue | Villager (Male) |
| 3:48 | Queue | Villager (Male) |
| 4:12 | Queue | Villager (Male) |
| 4:12 | Queue | Villager (Male) |
| 4:12 | Queue | Villager (Male) |
| 4:47 | Research | Loom |
| 5:05 | Queue | Villager (Male) |
| 5:05 | Queue | Villager (Male) |
| 5:58 | Build | Palisade Wall |
| 6:02 | Build | House |
| 6:10 | Build | Palisade Wall |
| 6:31 | Queue | Villager (Male) |
| 6:50 | Build | Mill |
| 7:10 | Queue | Villager (Male) |
| 7:10 | Queue | Villager (Male) |
| 8:03 | Build | Palisade Wall |
| 8:05 | Build | Palisade Wall |
| 8:10 | Research | Feudal Age |
| 8:10 | Research | Feudal Age |
| 8:29 | Build | Mining Camp |
| 8:41 | Build | Barracks |
| 9:07 | Build | Farm |
| 9:26 | Build | House |
| 10:05 | Build | Palisade Wall |
| 10:08 | Build | Palisade Wall |
| 10:20 | Age | Feudal Age |
| 10:21 | Queue | Villager (Male) |
| 10:21 | Queue | Villager (Male) |
| 10:22 | Build | Archery Range |
| 10:40 | Build | Farm |
| 11:02 | Queue | Archer |
| 11:02 | Queue | Archer |
| 11:11 | Research | Double-Bit Axe |
| 11:12 | Queue | Villager (Male) |
| 11:12 | Queue | Villager (Male) |
| 11:36 | Build | Farm |
| 11:38 | Queue | Villager (Male) |
| 12:05 | Queue | Archer |
| 12:06 | Queue | Villager (Male) |
| 12:26 | Queue | Villager (Male) |
| 12:27 | Queue | Archer |
| 12:35 | Build | House |
| 12:41 | Build | Mill |
| 12:55 | Build | House |
| 12:57 | Build | Palisade Wall |
| 12:58 | Build | Palisade Wall |
| 12:58 | Build | Palisade Wall |
| 12:59 | Build | Palisade Wall |
| 13:01 | Queue | Archer |
| 13:13 | Queue | Villager (Male) |
| 13:31 | Build | Blacksmith |
| 13:36 | Queue | Villager (Male) |
| 13:47 | Queue | Villager (Male) |
| 13:49 | Build | Farm |
| 13:57 | Queue | Archer |
| 14:09 | Research | Fletching |
| 14:22 | Queue | Villager (Male) |
| 14:28 | Queue | Archer |
| 14:38 | Build | Farm |
| 14:39 | Build | Farm |
| 14:46 | Build | Palisade Wall |
| 14:52 | Queue | Villager (Male) |
| 14:52 | Queue | Villager (Male) |
| 14:55 | Queue | Archer |
| 15:12 | Build | Lumber Camp |
| 15:21 | Build | House |
| 15:34 | Research | Town Watch |
| 15:44 | Build | Farm |
| 15:59 | Queue | Villager (Male) |
| 16:14 | Queue | Archer |
| 16:37 | Build | Palisade Wall |
| 16:43 | Build | House |
| 16:50 | Queue | Archer |
| 16:51 | Queue | Villager (Male) |
| 16:54 | Build | Farm |
| 17:24 | Build | House |
| 17:42 | Research | Castle Age |
| 17:44 | Queue | Archer |
| 18:22 | Queue | Archer |
| 18:46 | Build | Stable |
| 18:47 | Build | Stable |
| 18:48 | Research | Scale Barding Armor |
| 19:12 | Build | Farm |
| 19:13 | Build | Farm |
| 19:13 | Build | Farm |
| 19:13 | Build | Farm |
| 19:13 | Build | Farm |
| 19:13 | Build | Farm |
| 19:40 | Queue | Scout Cavalry |
| 19:40 | Queue | Scout Cavalry |
| 19:51 | Build | Palisade Gate |
| 20:01 | Build | Farm |
| 20:02 | Research | Gold Mining |
| 20:02 | Research | Stone Mining |
| 20:22 | Age | Castle Age |
| 20:25 | Queue | Knight |
| 20:26 | Queue | Knight |
| 20:26 | Queue | Villager (Male) |
| 20:27 | Queue | Villager (Male) |
| 20:50 | Queue | Villager (Male) |
| 20:50 | Queue | Villager (Male) |
| 21:20 | Queue | Knight |
| 21:20 | Queue | Knight |
| 21:37 | Build | Town Center |
| 21:41 | Queue | Villager (Male) |
| 21:41 | Queue | Villager (Male) |
Build order — Sliper
112 actions detected in the replay
| 0:01 | Queue | Villager (Male) |
| 0:02 | Build | House |
| 0:02 | Build | House |
| 0:03 | Build | House |
| 0:12 | Queue | Villager (Male) |
| 0:21 | Queue | Villager (Male) ×2 |
| 1:31 | Queue | Villager (Male) |
| 2:14 | Build | Lumber Camp |
| 2:19 | Queue | Villager (Male) |
| 2:19 | Queue | Villager (Male) |
| 3:07 | Queue | Villager (Male) |
| 3:07 | Queue | Villager (Male) |
| 3:07 | Queue | Villager (Male) |
| 3:58 | Queue | Villager (Male) |
| 4:15 | Queue | Villager (Male) |
| 4:40 | Queue | Villager (Male) |
| 5:06 | Build | Barracks |
| 5:11 | Queue | Villager (Male) |
| 5:30 | Queue | Villager (Male) |
| 6:03 | Queue | Villager (Male) |
| 6:16 | Queue | Militia |
| 6:16 | Queue | Militia |
| 6:24 | Build | Palisade Wall |
| 6:25 | Build | Palisade Wall |
| 7:02 | Queue | Militia |
| 7:09 | Queue | Villager (Male) |
| 7:37 | Queue | Villager (Male) |
| 7:41 | Build | Lumber Camp |
| 7:57 | Queue | Villager (Male) |
| 8:25 | Build | Mill |
| 8:59 | Research | Feudal Age |
| 8:59 | Research | Feudal Age |
| 9:23 | Build | Farm |
| 9:41 | Queue | Militia |
| 10:06 | Build | Farm |
| 10:16 | Build | House |
| 10:41 | Queue | Militia |
| 10:48 | Queue | Villager (Male) |
| 11:09 | Age | Feudal Age |
| 11:20 | Research | Man-at-Arms (upgrade) |
| 11:20 | Research | Man-at-Arms (upgrade) |
| 11:25 | Build | Farm |
| 11:25 | Build | Farm |
| 11:28 | Build | Farm |
| 11:29 | Queue | Villager (Male) |
| 11:42 | Build | Mining Camp |
| 12:03 | Queue | Villager (Male) |
| 12:22 | Queue | Villager (Male) |
| 12:41 | Build | Archery Range |
| 12:48 | Research | Loom |
| 12:54 | Queue | Villager (Male) |
| 13:19 | Queue | Skirmisher |
| 13:25 | Build | Farm |
| 13:26 | Queue | Villager (Male) |
| 13:43 | Queue | Skirmisher |
| 13:45 | Queue | Villager (Male) |
| 13:46 | Build | House |
| 14:12 | Queue | Skirmisher |
| 14:15 | Queue | Villager (Male) |
| 14:42 | Research | Double-Bit Axe |
| 14:53 | Queue | Skirmisher |
| 15:09 | Build | Palisade Wall |
| 15:13 | Queue | Skirmisher |
| 15:17 | Queue | Villager (Male) |
| 15:20 | Research | Town Watch |
| 15:23 | Build | House |
| 15:28 | Research | Town Watch |
| 15:38 | Queue | Villager (Male) |
| 15:54 | Research | Horse Collar |
| 15:56 | Queue | Skirmisher |
| 16:21 | Queue | Villager (Male) |
| 16:29 | Build | Blacksmith |
| 16:37 | Queue | Villager (Male) |
| 16:45 | Build | House |
| 17:13 | Research | Fletching |
| 17:13 | Queue | Villager (Male) |
| 17:15 | Queue | Skirmisher |
| 17:15 | Queue | Skirmisher |
| 17:45 | Queue | Villager (Male) |
| 18:01 | Queue | Villager (Male) |
| 18:03 | Queue | Skirmisher |
| 18:03 | Queue | Skirmisher |
| 18:04 | Build | House |
| 18:33 | Research | Padded Archer Armor |
| 18:44 | Queue | Villager (Male) |
| 18:48 | Build | Palisade Gate |
| 18:49 | Build | Palisade Wall |
| 19:05 | Queue | Villager (Male) |
| 19:11 | Build | Farm |
| 19:11 | Build | Farm |
| 19:11 | Build | Farm |
| 19:12 | Build | Farm |
| 19:12 | Build | Farm |
| 19:12 | Build | Farm |
| 19:18 | Queue | Skirmisher |
| 19:43 | Queue | Villager (Male) |
| 19:45 | Build | Farm |
| 19:46 | Build | Farm |
| 20:01 | Build | Farm |
| 20:01 | Build | Farm |
| 20:02 | Build | Farm |
| 20:28 | Queue | Spearman |
| 20:29 | Queue | Villager (Male) |
| 20:33 | Build | Farm |
| 20:33 | Build | Farm |
| 20:33 | Build | Farm |
| 20:36 | Build | House |
| 20:37 | Build | Palisade Wall |
| 20:38 | Build | Palisade Wall |
| 20:39 | Build | Palisade Wall |
| 21:04 | Queue | Villager (Male) |
| 21:34 | Build | Mining Camp |
Match timeline
| 5:06 | Sliper · first_building Barracks |
| 5:58 | ddx · wall_segment Palisade Wall x1 |
| 6:10 | ddx · wall_segment Palisade Wall x1 |
| 6:24 | Sliper · wall_segment Palisade Wall x1 |
| 6:25 | Sliper · wall_segment Palisade Wall x1 |
| 8:03 | ddx · wall_segment Palisade Wall x1 |
| 8:05 | ddx · wall_segment Palisade Wall x1 |
| 8:41 | ddx · first_building Barracks |
| 10:05 | ddx · wall_segment Palisade Wall x1 |
| 10:08 | ddx · wall_segment Palisade Wall x1 |
| 10:20 | ddx · age_up feudal |
| 10:22 | ddx · first_building Archery Range |
| 11:09 | Sliper · age_up feudal |
| 12:41 | Sliper · first_building Archery Range |
| 12:57 | ddx · wall_segment Palisade Wall x1 |
| 12:58 | ddx · wall_segment Palisade Wall x1 |
| 12:58 | ddx · wall_segment Palisade Wall x1 |
| 12:59 | ddx · wall_segment Palisade Wall x1 |
| 14:46 | ddx · wall_segment Palisade Wall x4 |
| 15:09 | Sliper · wall_segment Palisade Wall x12 |
| 16:37 | ddx · wall_segment Palisade Wall x9 |
| 18:46 | ddx · first_building Stable |
| 18:49 | Sliper · wall_segment Palisade Wall x1 |
| 20:22 | ddx · age_up castle |
| 20:37 | Sliper · wall_segment Palisade Wall x1 |
| 20:38 | Sliper · wall_segment Palisade Wall x1 |
| 20:39 | Sliper · wall_segment Palisade Wall x1 |
| 21:42 | Sliper · resign |
[ AI ANALYSIS · 1 CREDIT ]
What really happened in this match?
Wolo.gg analyzes every decision: build order, eco, micro, common mistakes by bracket. Personalized analysis on WhatsApp or Discord in 30 seconds.
Civ guide
Spanish
Perfil
Jugador #799765